 Dungeon Crawl Stone Soup version 0.23.2-1-ga50397a (webtiles) character file.

Game seed: 14290133496568983685

208 night the Grave Robber (level 5, 0/35 HPs)
             Began as a Vampire Necromancer on Apr 16, 2019.
             Slain by a goblin
             ... wielding a +0 club
             ... led by Robin
              (1 damage)
             ... on level 3 of the Dungeon.
             The game lasted 00:13:36 (6754 turns).

night the Grave Robber (Vampire Necromancer)        Turns: 6754, Time: 00:13:37

Health: 0/35       AC:  2    Str:  7    XL:     5   Next: 55%
Magic:  1/10       EV: 13    Int: 18    God:
Gold:   143        SH:  0    Dex: 15    Spells: 6/11 levels left

rFire    . . .     SeeInvis +   f - +0 spear
rCold    . . .     Gourm    .   (no shield)
rNeg     + . .     Faith    .   a - +0 robe
rPois    .         Spirit   .   (no helmet)
rElec    .         Reflect  .   (no cloak)
rCorr    .         Harm     .   (no gloves)
MR       .....                  (no boots)
Stlth    +++.......             (no amulet)
HPRegen  0.11/turn              e - ring of flight
MPRegen  0.12/turn              (no ring)

@: about to teleport
A: fangs 3, see invisible, unbreathing
a: Bat Form, Evoke Flight


You were on level 3 of the Dungeon.
You were not thirsty.

You visited 1 branch of the dungeon, and saw 3 of its levels.

You collected 143 gold pieces.

Inventory:

Hand Weapons
 f - a +0 spear (weapon)
Missiles
 d - 142 stones (quivered)
 g - a throwing net
 j - 73 arrows
Armour
 a - a +0 robe (worn)
 q - a +0 buckler
Jewellery
 e - a ring of flight (left hand)
 h - an uncursed ring of resist corrosion {unknown}
Wands
 t - a wand of polymorph (14)
Scrolls
 i - a scroll of identify
 l - a scroll of enchant weapon {unknown}
 n - a scroll of amnesia
 o - 2 scrolls of magic mapping {unknown}
 p - 2 scrolls of teleportation
 r - a scroll of fog {unknown}
Potions
 c - 7 potions of blood
 s - 2 potions of haste


   Skills:
 + Level 2.0 Polearms
 - Level 2.1 Dodging
 - Level 4.2 Stealth
 + Level 3.5 Spellcasting
 + Level 5.6 Necromancy


You had 6 spell levels left.
You knew the following spells:

 Your Spells              Type           Power        Failure   Level  Hunger
a - Pain                  Necr           ###.         1%          1    None
b - Animate Skeleton      Necr           N/A          1%          1    None
d - Vampiric Draining     Necr           ###.......   4%          3    ###....

Your spell library contained the following spells:

 Spells                   Type           Power        Failure   Level  Hunger
 Regeneration             Chrm/Necr      ##........   14%         3    ###....
 Animate Dead             Necr           N/A          16%         4    ####...


Dungeon Overview and Level Annotations

Branches:
Dungeon (3/15)

Altars:
Ashenzari
Gozag
Sif Muna


Innate Abilities, Weirdness & Mutations

You have razor-sharp teeth.
You have supernaturally acute eyesight. (SInv)
You can survive without breathing.


Message History

The goblin no longer looks unusually strong.
The goblin closely misses you. The goblin hits you with a +0 club.
* * * LOW HITPOINT WARNING * * *
The goblin hits you with a +0 club.
* * * LOW HITPOINT WARNING * * *
The goblin hits you with a +0 dagger.
* * * LOW HITPOINT WARNING * * *
Okay, then.
As you read the scroll labeled FABOOM DOZXEL, it crumbles to dust.
The creatures around you are filled with an inner flame!
It was a scroll of immolation.
The goblin no longer looks unusually strong.
The goblin barely misses you. The goblin closely misses you. x2
The goblin misses you.
As you read the scroll of teleportation, it crumbles to dust.
You feel strangely unstable.
The goblin no longer looks unusually strong.
The goblin completely misses you. The goblin misses you.
The goblin hits you with a +0 club.
You die...

#.# #.###
###...###
###≈≈...≈≈###
##≈≈≈≈...≈≈≈≈#####
#≈≈≈##'''##≈≈≈≈≈≈#
#≈≈≈#.....#≈≈≈≈≈≈≈
#gg.#.....#.....≈≈
#@g.#.....#.)....≈
##g##.....##'##).≈
#.(.#.....#...#..≈
#...#.....#...#..≈
#...#..)..#...#..≈
##'##.....##'##..≈
#g...........#...≈
#...)........#...≈
#...##########...≈


You could see 4 goblins.

Vanquished Creatures
  2 orc priests (D:3)
  Robin (D:3)
  5 adders
  An ooze (D:2)
  A worm (D:2)
  A dart slug (D:3)
  7 orcs (D:3)
  13 goblins
  9 hobgoblins
  3 jackals (D:3)
  11 kobolds
  4 quokkas (D:2)
  A ball python (D:3)
  6 bats
  4 frilled lizards
  9 rats
78 creatures vanquished.

Notes
Turn   | Place    | Note
-------+----------+-------------------------------------------
     0 | D:1      | night the Vampire Necromancer began the quest for the Orb.
     0 | D:1      | Reached XP level 1. HP: 13/13 MP: 3/3
   278 | D:1      | Found a shattered altar of Ashenzari.
   410 | D:1      | Reached XP level 2. HP: 13/19 MP: 0/5
   414 | D:1      | Learned a level 1 spell: Animate Skeleton
  1490 | D:2      | Reached XP level 3. HP: 15/24 MP: 1/6
  2293 | D:2      | Found a deep blue altar of Sif Muna.
  2419 | D:2      | Learned a level 3 spell: Regeneration
  2547 | D:2      | Found an opulent altar of Gozag.
  3777 | D:3      | Reached skill level 5 in Necromancy
  3818 | D:3      | Reached XP level 4. HP: 14/30 MP: 2/8
  4916 | D:3      | Reached skill level 1 in Polearms
  4929 | D:3      | Reached XP level 5. HP: 6/35 MP: 0/9
  6084 | D:3      | Learned a level 3 spell: Vampiric Draining
  6710 | D:3      | Noticed Robin
  6751 | D:3      | Killed Robin
  6752 | D:3      | HP: 1/35 [goblin/+0 dagger[Robin] (4)]
  6754 | D:3      | Slain by a goblin

Skill      XL: |  1  2  3  4  5 |
---------------+----------------+-----
Stealth        | 4 |  4.2
Necromancy     | 5 |  5.6
Polearms       | 1 2 |  2.0
Spellcasting   | 3 |  3.5
Dodging        | |  2.1

Action                   |  1- 3 |  4- 6 || total
-------------------------+-------+-------++-------
Melee: Spear             |    85 |   130 ||   215
       Bite              |     4 |     6 ||    10
 Cast: Pain              |    47 |    16 ||    63
       Regeneration      |     2 |       ||     2
       Animate Skeleton  |     1 |     3 ||     4
       Vampiric Draining |       |     9 ||     9
  Use: Potion            |     3 |    12 ||    15
       Scroll            |       |     5 ||     5
 Stab: Sleeping          |    10 |     6 ||    16
Armor: Robe              |    16 |    17 ||    33
       Skin              |       |    52 ||    52
Dodge: Dodged            |    45 |    96 ||   141
